 Dungeon Crawl Stone Soup version 0.31-a0-152-g6aa68a64a1 (webtiles) character file.

Game seed: 8108801630572049989

521 qw the Shooter (level 7, -2/43 HPs)
             Began as a Gargoyle Hunter on June 10, 2023.
             Slain by a gnoll
             ... wielding a +0 spear
             ... led by a gnoll bouda
              (5 damage)
             ... on level 4 of the Dungeon.
             The game lasted 00:01:42 (3198 turns).

qw the Shooter (Gargoyle Hunter)                    Turns: 3198, Time: 00:01:42

Health: -2/43      AC: 14    Str: 12    XL:     7   Next: 21%
Magic:  7/7        EV: 10    Int: 18    God:
Gold:   254        SH:  0    Dex: 13    Spells: 6/6 levels left

rFire   . . .        Y - +0 shortbow
rCold   + . .        (shield currently unavailable)
rNeg    + . .        l - +0 ring mail
rPois   inf          d - +0 helmet
rElec   +            i - +0 cloak
rCorr   +            (no gloves)
SInv    .            (no boots)
Will    .....        e - amulet of faith
Stlth   +            m - ring of the Bespelled God {Wiz Drain rC+ rCorr}
HPRegen 0.27/turn    (no ring)
MPRegen 0.10/turn

%: faith, wizardry (x1)
@: weakened
A: sickness immunity, AC +4, negative energy resistance 1, electricity
resistance, torment resistance 1, petrification resistance, iridescent scales 1,
clever 2
a: no special abilities


You were on level 4 of the Dungeon.
You visited 1 branch of the dungeon, and saw 4 of its levels.

You collected 254 gold pieces.


Innate Abilities, Weirdness & Mutations

You are immune to sickness and miasma.
Your stone body is resilient. (AC +4)
You are immune to poison.
You resist negative energy. (rN+)
You are resistant to electric shocks. (rElec)
You are resistant to unholy torment.
You are immune to petrification.
You are partially covered in iridescent scales. (AC +2)
Your mind is very acute. (Int +8, Str/Dex -2)


   Skills:
 - Level 4.0 Fighting
 + Level 7.5 Ranged Weapons
 - Level 2.0 Armour
 - Level 1.5 Dodging
 - Level 1.1 Stealth


You had 6 spell levels left.
You didn't know any spells.
Your spell library was empty.

Inventory:

Hand Weapons
 Y - a +0 shortbow (weapon)
Armour
 d - a +0 helmet (worn)
 i - a +0 cloak (worn)
 l - a +0 ring mail (worn)
Jewellery
 e - an amulet of faith (around neck)
 m - the ring of the Bespelled God (left hand) {Wiz Drain rC+ rCorr}
   (You found it on level 2 of the Dungeon)

   [ring of wizardry]

   It improves your spell success rate.
   rC:        It protects you from cold.
   rCorr:     It protects you from acid and corrosion.
   Drain:     It drains your maximum health when unequipped.
Scrolls
 a - a scroll of identify
 b - a scroll of vulnerability {unknown}
Potions
 c - a potion of heal wounds {unknown}
 f - a potion of lignification
 g - a potion of might {unknown}
 o - a potion of curing {unknown}

Dungeon Overview and Level Annotations

Branches:
Dungeon (4/15)
 Temple: D:4-7

Altars:
Dithmenos
Elyvilon


Message History

The gnoll barely misses you. The gnoll bouda barely misses you.
The gnoll barely misses you. The gnoll hits you but does no damage.
You shoot an arrow.
The arrow barely misses the gnoll bouda.
The gnoll bouda hits you with a +0 whip.
The gnoll barely misses you.
The gnoll hits you from afar with a +0 spear.
You shoot an arrow. The arrow hits the gnoll bouda.
The gnoll bouda is heavily wounded.
The gnoll bouda gazes fiercely through you!
You feel your attacks grow feeble. The gnoll bouda closely misses you.
The gnoll closely misses you.
The gnoll hits you from afar with a +0 spear.
You shoot an arrow. The arrow hits the gnoll bouda.
The gnoll bouda is severely wounded.
The gnoll bouda hits you with a +0 whip.
The gnoll hits you from afar with a +0 spear.
The gnoll misses you.
You shoot an arrow. The arrow hits the gnoll bouda.
The gnoll bouda is almost dead.
The gnoll bouda misses you.
The gnoll hits you from afar with a +0 spear. x2
The gnoll bouda hits you but does no damage.
The gnoll barely misses you.
You shoot an arrow.
The arrow hits the gnoll bouda but does no damage.
The gnoll bouda is almost dead.
The gnoll barely misses you.
The gnoll bouda utters an invocation to its god.
The gnoll bouda is healed somewhat.
The gnoll barely misses you.
You shoot an arrow.
The arrow hits the gnoll bouda but does no damage.
The gnoll bouda is heavily wounded.
The gnoll is no longer moving quickly. x2; The gnoll barely misses you.
The gnoll bouda completely misses you. The gnoll barely misses you.
You shoot an arrow.
The arrow closely misses the gnoll bouda.
The gnoll closely misses you. The gnoll bouda barely misses you.
The gnoll hits you from afar with a +0 spear. x2
You die...

......... .%.......
...#.....## .........
...#.....# .......# .
#..#.....#
.....###...#........##
.....................#
...####.##.....g.g...#
#.## #.#.......g...#
..#####.#.:. #@...#
............####...##
..................##
..)..............##
.........).....###
..............##
...>..##.#...##
.....###.##..####
......#..##..#..#


You could see a gnoll bouda and 2 gnolls.

Vanquished Creatures
  Sigmund (D:4)
  A scorpion (D:4)
  A hound (D:4)
  3 orc wizards
  Robin (D:3)
  7 adders
  A gnoll (D:4)
  An ufetubus (D:4)
  A worm (D:4)
  3 dart slugs
  11 orcs
  5 bats
  4 endoplasms
  6 giant cockroaches
  6 goblins
  5 hobgoblins
  4 jackals (D:2)
  7 quokkas
  4 ball pythons
  3 frilled lizards (D:1)
  10 kobolds
  5 rats
90 creatures vanquished.

Notes
Turn   | Place    | Note
-------+----------+-------------------------------------------
     0 | D:1      | qw the Gargoyle Hunter began the quest for the Orb.
     0 | D:1      | Reached XP level 1. HP: 12/12 MP: 1/1
     0 | D:1      | 0 ||| qw: Version: 0.2-a-29-g767f381
     0 | D:1      | 0 ||| qw: Game counter: 3894
     0 | D:1      | 0 ||| qw: Always use a shield: true
     0 | D:1      | 0 ||| qw: God list: Okawaru
     0 | D:1      | 0 ||| qw: Allow faded altars: false
     0 | D:1      | 0 ||| qw: Do Orc after D:15 true
     0 | D:1      | 0 ||| qw: Do second Lair branch before Depths: true
     0 | D:1      | 0 ||| qw: Lair rune preference: random
     0 | D:1      | 0 ||| qw: Plans: Normal, Zot:1-4, Slime:5, God:TSO, Crypt,
                  | Tomb, Abyss, Pan, Hells, Win
     0 | D:1      | 0 ||| PLANNING D:1-11
   118 | D:1      | Reached XP level 2. HP: 17/17 MP: 2/2
   467 | D:1      | Reached XP level 3. HP: 21/21 MP: 3/3
   619 | D:1      | Reached skill level 5 in Ranged Weapons
   913 | D:1      | 913 ||| UPGRADING to +0 helmet.
   918 | D:1      | 918 ||| UPGRADING to +0 cloak.
   923 | D:1      | 923 ||| UPGRADING to amulet of guardian spirit.
   928 | D:1      | 928 ||| READING 2 scrolls labelled KOGIYLUNEF.
   929 | D:1      | 929 ||| READING scroll labelled REWO OBLUSEID.
   930 | D:1      | 930 ||| DROPPING scroll of butterflies.
  1110 | D:2      | Reached skill level 3 in Fighting
  1117 | D:2      | Identified the ring of the Bespelled God {Wiz Drain rC+
                  | rCorr}
  1160 | D:2      | 1160 ||| FLEEEEING.
  1206 | D:2      | Reached XP level 4. HP: 28/28 MP: 4/4
  1258 | D:2      | Reached skill level 1 in Armour
  1564 | D:2      | 1564 ||| UPGRADING to +0 ring mail.
  1574 | D:2      | 1574 ||| DROPPING +0 leather armour.
  1575 | D:2      | 1575 ||| UPGRADING to amulet of faith.
  1585 | D:2      | 1585 ||| DROPPING amulet of guardian spirit.
  1586 | D:2      | 1586 ||| UPGRADING to ring of the Bespelled God {Wiz Drain
                  | rC+ rCorr}.
  1587 | D:2      | 1587 ||| READING scroll labelled DEGUZA WAPIO.
  1588 | D:2      | 1588 ||| READING scroll labelled IWAAPS KUAGRE.
  1589 | D:2      | 1589 ||| READING scroll labelled KATWILUGECI.
  1590 | D:2      | 1590 ||| READING scroll labelled GIONWEWAMM.
  1591 | D:2      | 1591 ||| READING scroll labelled MODOYR BIPS.
  1610 | D:2      | 1610 ||| READING 2 scrolls labelled ZAEL CEMYWA.
  1614 | D:2      | 1614 ||| READING 2 scrolls of identify.
  1614 | D:2      | 1614 ||| IDENTIFYING orange potion
  1615 | D:2      | 1615 ||| DROPPING potion of brilliance.
  1736 | D:3      | Found a white marble altar of Elyvilon.
  1921 | D:3      | Reached XP level 5. HP: 24/32 MP: 5/5
  1921 | D:3      | 1921 ||| FLEEEEING.
  1922 | D:3      | 1922 ||| FLEEEEING.
  1923 | D:3      | 1923 ||| FLEEEEING.
  1924 | D:3      | 1924 ||| FLEEEEING.
  1925 | D:3      | 1925 ||| FLEEEEING.
  1926 | D:3      | 1926 ||| FLEEEEING.
  1927 | D:3      | 1927 ||| FLEEEEING.
  1928 | D:3      | 1928 ||| FLEEEEING.
  1929 | D:3      | 1929 ||| FLEEEEING.
  2354 | D:3      | Reached skill level 6 in Ranged Weapons
  2443 | D:3      | 2443 ||| DROPPING scarf of invisibility.
  2444 | D:3      | 2444 ||| READING 2 scrolls labelled XORPHUGG WAMA.
  2445 | D:3      | 2445 ||| READING scroll labelled JEANLAT LIOT.
  2446 | D:3      | 2446 ||| DRINKING 2 fuming black potions.
  2446 | D:3      | Gained mutation: You are vulnerable to heat. (rF-) [potion
                  | of mutation]
  2446 | D:3      | Gained mutation: Your mind is acute. (Int +4, Str/Dex -1)
                  | [potion of mutation]
  2446 | D:3      | Gained mutation: Your spells are a little easier to cast,
                  | but a little less powerful. [potion of mutation]
  2446 | D:3      | Gained mutation: Your mind is very acute. (Int +8, Str/Dex
                  | -2) [potion of mutation]
  2447 | D:3      | 2447 ||| DRINKING potion of mutation.
  2447 | D:3      | Lost mutation: Your spells are a little easier to cast, but
                  | a little less powerful. [potion of mutation]
  2447 | D:3      | Lost mutation: You are vulnerable to heat. (rF-) [potion of
                  | mutation]
  2447 | D:3      | Gained mutation: You are partially covered in iridescent
                  | scales. (AC +2) [potion of mutation]
  2448 | D:3      | 2448 ||| READING 2 scrolls of identify.
  2448 | D:3      | 2448 ||| IDENTIFYING grey potion
  2449 | D:3      | 2449 ||| DROPPING scroll of blinking.
  2513 | D:4      | 2513 ||| STAIRDANCE
  2531 | D:3      | HP: 8/32 [orc wizard/puff of flame (6)]
  2537 | D:3      | 2537 ||| READING 2 scrolls of teleportation.
  2537 | D:3      | HP: 4/32 [orc wizard/+0 dagger (2)]
  2571 | D:3      | Noticed Robin
  2585 | D:3      | HP: 6/32 [goblin/sling bullet[Robin] (4)]
  2586 | D:3      | 2586 ||| READING scroll of teleportation.
  2589 | D:3      | Killed Robin
  2826 | D:4      | Reached XP level 6. HP: 33/38 MP: 6/6
  2898 | D:4      | Found a shadowy altar of Dithmenos.
  2899 | D:4      | Noticed Sigmund
  2918 | D:4      | Killed Sigmund
  2919 | D:4      | Reached skill level 7 in Ranged Weapons
  2919 | D:4      | Reached XP level 7. HP: 35/43 MP: 7/7
  3195 | D:4      | HP: 10/43 [gnoll/+0 spear[a gnoll bouda] (3)]
  3198 | D:4      | HP: 3/43 [gnoll/+0 spear[a gnoll bouda] (5)]
  3198 | D:4      | Slain by a gnoll

Levels and vault maps discovered:
D:1:      sevenhm_arrival_forest_fort_large_2, layout_basic
D:2:      layout_basic, minmay_cut_off
D:3:      layout_loops_corners, mainiacjoe_overflow_chevrons,
          kennysheep_generic_room_9, uniq_robin
D:4:      layout_cave_pools, mainiacjoe_overflow_24_doors,
          minmay_temple_entry_hall, uniq_sigmund

Skill      XL: |  1  2  3  4  5  6  7 |
---------------+----------------------+-----
Ranged Weapons | 5 6 7 |  7.5
Fighting       | 3 4 |  4.0
Armour         | 1 2 |  2.0
Dodging        | |  1.5
Stealth        | |  1.1

Action                     |  1- 3 |  4- 6 |  7- 9 || total
---------------------------+-------+-------+-------++-------
   Fire: Shortbow          |   116 |   201 |    92 ||   409
    Use: Scroll            |     2 |    12 |       ||    14
         Potion            |       |     2 |       ||     2
 Armour: Leather armour    |    25 |     9 |       ||    34
         Ring mail         |       |    73 |    65 ||   138
  Dodge: Dodged            |    32 |    95 |    41 ||   168

Table legend:
 A = Non-vault XP
 B = Vault XP
 C = Vault XP percentage of total XP
 D = Non-vault monster count
 E = Vault monster count
 F = Vault count percentage of total count
                 A         B        C        D         E       F
            +---------+---------+-------+---------+---------+-------
      Total |     489 |     256 |  34.4 |      82 |       8 |   8.9
            +---------+---------+-------+---------+---------+-------
        D:1 |      42 |       0 |   0.0 |      24 |       0 |   0.0
        D:2 |      55 |       6 |   9.8 |      22 |       4 |  15.4
        D:3 |     143 |      19 |  11.7 |      21 |       3 |  12.5
        D:4 |     249 |     231 |  48.1 |      15 |       1 |   6.2
            +---------+---------+-------+---------+---------+-------
